[Event "*** Titled Tuesday Blitz"]
[Site "Chess.com"]
[Date "2020.04.28"]
[Round "3"]
[White "nadirsm"]
[Black "Frogo47"]
[Result "0-1"]
[WhiteElo "2101"]
[BlackElo "2481"]
[TimeControl "180+1"]
[EndTime "10:29:41 PDT"]
[Termination "Frogo47 won on time"]

1. d4 Nf6 2. f4 g6 3. Nf3 Bg7 4. e3 O-O 5. Nbd2 d6 6. Bd3 c5 7. c3 Nc6 8. O-O cxd4 9. exd4 e5 10. fxe5 dxe5 11. Nxe5 Nxe5 12. dxe5 Ng4 13. Nc4 Qh4 14.
Bf4 Be6 15. Qe2 Rae8 16. Nd6 Re7 17. Bg3 Qh5 18. Rae1 Bxa2 19. h3 Nxe5 20. Qxh5 gxh5 21. Nf5 Nxd3 22. Nxe7+ Kh8 23. Rd1 Bc4 24. Rf5 Nxb2 25.
Rb1 Nd3 26. Rxb7 a6 27. Rxh5 Bxc3 28. Rc7 Bd4+ 29. Kh2 Be6 30. Nf5 Bf6 31. Nd6 a5 32. Rxa5 Kg8 33. Ne4 Bd8 34. Ra3 Bxc7 35. Bxc7 Bf5 36.
Nf6+ Kg7 37. Nd5 Re8 38. g4 Bg6 39. Kg3 h5 40. gxh5 Bh7 41. Nf4 Nc5 42. Ra5 Ne4+ 43.
Kh4 Rc8 44. Be5+ f6 45. Bd4 Rc4 46. Rd5 Bg8 47. Rd7+ Kh6 0-1

[Event "*** Titled Tuesday Blitz"]
[Site "Chess.com"]
[Date "2020.04.28"]
[Round "3"]
[White "nickmatta"]
[Black "violetflower04"]
[Result "1-0"]
[WhiteElo "2414"]
[BlackElo "2199"]
[TimeControl "180+1"]
[EndTime "10:29:42 PDT"]
[Termination "nickmatta won on time"]

1. d4 d5 2. c4 e6 3. Nc3 Nf6 4.
cxd5 exd5 5. Bg5 Be7 6. e3 O-O 7.
Bd3 Nbd7 8. Nge2 c5 9. O-O Re8 10. dxc5 Nxc5 11. Bb5 Bd7 12. Bxd7 Qxd7 13. Bxf6 Bxf6 14.
Qxd5 Qxd5 15. Nxd5 Bxb2 16. Nc7 Bxa1 17. Rxa1 Ne6 18. Nxa8 Rxa8 19. Rc1 Kf8 20. Kf1 Ke7 21.
Nc3 Kd6 22. Ke2 Kc5 23. Ne4+ Kb4 24. Nd6 b6 25. Nxf7 Nc5 26. Ne5 Ka3 27. Rc2 Rd8 28. f4 Na4 29. g4 b5 30. g5 Nb2 31.
Rc7 a6 32. Rxg7 Ra8 33. f5 b4 34. Rb7 a5 35. f6 Kxa2 36. f7 b3 37. Nd7 Rd8 38.
f8=Q Rxf8 39. Nxf8 Nc4 40. Nxh7 Nd6 41. Rb6 Ne8 42. Nf6 Ng7 43. Nd5 a4 44. Nc3+ Ka1 45.
Nxa4 b2 46. Nxb2 Nf5 47. Nd3 Ka2 48. g6 1-0

[Event "*** Titled Tuesday Blitz"]
[Site "Chess.com"]
[Date "2020.04.28"]
[Round "3"]
[White "wild_cat99"]
[Black "Maybe00"]
[Result "1-0"]
[WhiteElo "2557"]
[BlackElo "2764"]
[TimeControl "180+1"]
[EndTime "10:29:43 PDT"]
[Termination "wild_cat99 won on time"]

1. Nf3 d5 2. e3 c6 3. c4 Nf6 4. Nc3 e6 5. b3 Bd6 6. Bb2 O-O 7. d4 Nbd7 8. Bd3 Qe7 9. Qc2 e5 10. cxd5 cxd5 11. dxe5 Nxe5 12. Nxe5 Bxe5 13. O-O Bxh2+ 14. Kxh2 Ng4+ 15. Kg1 Qh4 16. Rfe1 Qh2+ 17. Kf1 Qh1+ 18. Ke2 Qxg2 19. Bxh7+ Kh8 20. Kd1 f5 21. f4 Qf3+ 22.
Qe2 Qxe2+ 23. Nxe2 Kxh7 24. Rh1+ Kg6 25. Kd2 Bd7 26.
Nd4 Rh8 27. Nf3 Rxh1 28. Rxh1 Kf7 29. Ne5+ Nxe5 30. Bxe5 Rg8 31. Rh7 Bc6 32. Kd3 a6 33.
Kd4 Kg6 34. Rh1 a5 35. a4 Kf7 36. Rh5 Bd7 37. Kxd5 Be6+ 38. Kc5 Rc8+ 39. Kb6 Bxb3 40.
Rxf5+ Ke6 41. Rg5 Bxa4 42. Rxg7 Bc6 43. Kxa5 Kd5 44. Bd4 Ra8+ 45. Kb6 Ra6+ 46. Kc7 Ra2 47. f5 Ke4 48. f6 Rf2 49. Rg4+ Kd5 50. Rg5+ Ke6 51. Rg7 Bd5 52. Re7+ Kf5 53. Kd6 1-0

[Event "*** Titled Tuesday Blitz"]
[Site "Chess.com"]
[Date "2020.04.28"]
[Round "3"]
[White "Nafania1"]
[Black "RaphaeI"]
[Result "1/2-1/2"]
[WhiteElo "2372"]
[BlackElo "2639"]
[TimeControl "180+1"]
[EndTime "10:29:43 PDT"]
[Termination "Game drawn by repetition"]

1. e4 c5 2. Nf3 d6 3. Bb5+ Nd7 4. c3 Nf6 5. Bd3 g6 6. Bc2 Bg7 7.
d4 O-O 8. a4 b6 9. O-O Bb7 10.
Re1 Qc7 11. Nbd2 Rac8 12. Bd3 Qb8 13. Nf1 cxd4 14. cxd4 e5 15. d5 Nc5 16. Bc2 a5 17.
Ng3 Ba6 18. h3 Rc7 19. Be3 Rfc8 20. Rc1 b5 21. axb5 Qxb5 22. Bd2 Nd3 23. Bxd3 Qxd3 24. Rxc7 Rxc7 25. Bxa5 Rc2 26. Qxd3 Bxd3 27. Bc3 h5 28. Ra1 Nxe4 29. Ne1 Nxg3 30. Nxc2 Ne2+ 31. Kh1 Nxc3 32. Nb4 Nxd5 33. Nxd5 e4 34. Ra8+ Kh7 35. Nc3 d5 36. Rd8 d4 37. Na4 Bf6 38. Rd7 Kg7 39. Nc5 Bb5 40.
Rb7 Bc6 41. Rc7 Bd5 42. Rd7 Bc6 43. Rd6 Ba8 44. Ra6 Bd5 45. Rd6 Ba8 46. Ra6 Bd5 47.
Rd6 Ba8 1/2-1/2

[Event "*** Titled Tuesday Blitz"]
[Site "Chess.com"]
[Date "2020.04.28"]
[Round "3"]
[White "Matveev_Vladimir"]
[Black "GMStefanova"]
[Result "0-1"]
[WhiteElo "2414"]
[BlackElo "2670"]
[TimeControl "180+1"]
[EndTime "10:29:43 PDT"]
[Termination "GMStefanova won by resignation"]

1. d4 d5 2. c4 c6 3. Nf3 Nf6 4. Qc2 g6 5. Bf4 Bg7 6. e3 O-O 7. h3 c5 8. dxc5 Na6 9. a3 Nxc5 10. g4 Bd7 11. Nc3 dxc4 12. Bxc4 Rc8 13. Rd1 Qe8 14. Ne5 Bc6 15. O-O Nce4 16. Qb3 Nxc3 17. Qxc3 b5 18. Bxf7+ Rxf7 19. Nxf7 Qxf7 20. Qa5 Qe8 21.
Be5 Ba8 22. Rc1 Rxc1 23. Rxc1 Qd7 24. Qc7 Qd5 25. Kf1 Kf7 26. Bg3 Ne4 27. Qf4+ Bf6 28. Rc7 Nxg3+ 29. fxg3 Qd1+ 30. Kf2 Qd2+ 31. Kf1 Qxb2 32.
g5 Qg2+ 33. Ke1 Qg1+ 34. Kd2 Qg2+ 35. Kc1 Qh1+ 36. Kd2 Qd5+ 37. Ke1 Qxg5 38. Qxg5 Bxg5 39. Rxa7 Bd5 40. Kf2 Bc4 41. h4 Bf6 42. Rb7 h5 43. Ra7 Be5 44. Ra6 Bd6 45. Ra7 Kf6 46. Kf3 Kf5 47. Ra8 Bd5+ 0-1

[Event "*** Titled Tuesday Blitz"]
[Site "Chess.com"]
[Date "2020.04.28"]
[Round "3"]
[White "monalize"]
[Black "Mourinho_Jose"]
[Result "0-1"]
[WhiteElo "2366"]
[BlackElo "2570"]
[TimeControl "180+1"]
[EndTime "10:29:43 PDT"]
[Termination "Mourinho_Jose won on time"]

1. e4 c6 2. Nc3 d5 3. d4 dxe4 4. Nxe4 Bf5 5. Ng3 Bg6 6. Nh3 e6 7. Nf4 Nf6 8. h4 Bd6 9. h5 Bf5 10. Nxf5 exf5 11. Qe2+ Be7 12. Qd3 O-O 13. Be3 Qa5+ 14.
c3 Nbd7 15. b4 Qa3 16. Bc1 Qa4 17. Qxf5 Rfe8 18. Be2 Bxb4 19. cxb4 Qxb4+ 20. Bd2 Qxd4 21. Rd1 Qc4 22. Be3 Qb4+ 23. Kf1 Re5 24. Qc2 Rae8 25. Rh3 Nb6 26. Bd4 Re4 27. Bxf6 gxf6 28. Nd3 Qe7 29. Rg3+ Kf8 30. Re1 Nd5 31. Qd2 Qe6 32. Qh6+ Ke7 33. Qxh7 Kd6 34. h6 Rxe2 35. Rxe2 Qxe2+ 36. Kg1 Qd1+ 37. Kh2 Qh5+ 38. Rh3 Qg5 39. Qg7 Qxg7 40. hxg7 Rg8 41. Rg3 Ne7 42. Rg5 fxg5 0-1

[Event "*** Titled Tuesday Blitz"]
[Site "Chess.com"]
[Date "2020.04.28"]
[Round "3"]
[White "ElHelvetico"]
[Black "wonderfultime"]
[Result "0-1"]
[WhiteElo "2647"]
[BlackElo "2937"]
[TimeControl "180+1"]
[EndTime "10:29:44 PDT"]
[Termination "wonderfultime won by resignation"]

1. e4 c5 2. Nf3 Nf6 3. e5 Nd5 4. Nc3 e6 5. Nxd5 exd5 6. d4 Nc6 7. dxc5 Bxc5 8. Qxd5 d6 9. Bc4 Be6 10. Qd3 dxe5 11. Bxe6 fxe6 12. Qxd8+ Rxd8 13. O-O O-O 14. c3 e4 15. Nd4 e5 16. Ne6 Bxf2+ 17. Kh1 e3 18.
Bxe3 Bxe3 19. Nxf8 Rxf8 20. Rxf8+ Kxf8 21. Re1 Bb6 22. g3 Ke7 23. Kg2 Ke6 24. Kf3 Ne7 25. Re4 Nd5 26. Rc4 Ne7 27. Re4 Nf5 28. Rc4 Nd6 29. Rh4 h6 30. b3 e4+ 31. Ke2 Ke5 32. Rh5+ Ke6 33. a4 Bd8 34. Rc5 b6 35. Rh5 Bg5 36. Rh3 Kf5 37. g4+ Kxg4 38. Rg3+ Kf5 39. Rg2 Bf6 40.
Kd2 Ke5 41. Ke3 Nf5+ 42. Kd2 h5 43. Re2 Bg5+ 44. Kc2 Ne3+ 45. Kb2 Nd5 46. b4 Nf4 47. Rc2 Nd3+ 48. Kb3 e3 49. Kc4 Nf4 50. Rc1 e2 51. Rg1 Bh4 0-1

[Event "*** Titled Tuesday Blitz"]
[Site "Chess.com"]
[Date "2020.04.28"]
[Round "3"]
[White "Petrosyan_Tigran"]
[Black "Alexander_Zubov"]
[Result "0-1"]
[WhiteElo "2617"]
[BlackElo "2859"]
[TimeControl "180+1"]
[EndTime "10:29:44 PDT"]
[Termination "Alexander_Zubov won by resignation"]

1. Nf3 Nf6 2. c4 g6 3. Nc3 d5 4. cxd5 Nxd5 5. Qb3 Nb6 6. d4 Bg7 7. Bf4 Be6 8. Qa3 Bc4 9. e3 Bxf1 10. Kxf1 O-O 11. h4 h5 12. Rd1 a5 13. Qb3 a4 14.
Qc2 a3 15. b3 Nc6 16. Kg1 Nb4 17.
Qb1 N6d5 18. Nxd5 Nxd5 19. Qc2 Nxf4 20. exf4 e6 21. Ne5 Ra5 22. g4 hxg4 23. h5 g5 24. h6 Bxe5 25. dxe5 Rd5 26. Rxd5 Qxd5 27. Rh5 gxf4 28. Rg5+ Kh8 29. Rg7 f5 30. exf6 Qf5 31. Qxf5 exf5 32. Rxc7 Rxf6 33. Rxb7 Rd6 34. Ra7 Rd1+ 35.
Kg2 Rd2 36. Rxa3 g3 37. Ra5 Rxf2+ 38. Kg1 Kh7 39. Rxf5 Kxh6 40. b4 Kg6 41. Rf8 Kg5 42. b5 Rxa2 43. Rg8+ Kf5 44. b6 Rb2 45. Rb8 Kg4 46. b7 Kf3 0-1

[Event "*** Titled Tuesday Blitz"]
[Site "Chess.com"]
[Date "2020.04.28"]
[Round "3"]
[White "Fandorine"]
[Black "capatl"]
[Result "1/2-1/2"]
[WhiteElo "2887"]
[BlackElo "2656"]
[TimeControl "180+1"]
[EndTime "10:29:45 PDT"]
[Termination "Game drawn by repetition"]

1. e4 c5 2. Nf3 e6 3. d4 cxd4 4. Nxd4 a6 5. Bd3 Qc7 6. O-O d6 7. c4 Nd7 8. b3 Ngf6 9. Nc3 b5 10. Qc2 bxc4 11. Bxc4 Ne5 12. Be2 Bb7 13. Be3 Rc8 14. Rac1 Be7 15. h3 O-O 16. Rfd1 Nxe4 17. Nxe4 Qxc2 18. Nxc2 Bxe4 19. Nb4 a5 20. Na6 Bb7 21.
Bb6 Rc6 22. Rxc6 Nxc6 23. Rc1 Ra8 24. Nc7 Rc8 25. Nb5 Nb4 26. Rxc8+ Bxc8 27. a4 Nc6 28.
Nc3 d5 29. Bb5 Bb4 30. Nxd5 exd5 31. Bxc6 Be6 32. Bd4 f6 33. Kf1 Kf7 34. Ke2 Ke7 35. Bb5 Kd6 36. Bd3 h6 37. g4 Bc5 38. Ke3 Bb4 39.
f3 Kc6 40. h4 Kd6 41. h5 Bd7 42. Bf5 Bxf5 43. gxf5 Kc6 44. Kd3 Kd6 45. Ke3 Bc5 46. Kd3 Bb4 47. Ke3 1/2-1/2

[Event "*** Titled Tuesday Blitz"]
[Site "Chess.com"]
[Date "2020.04.28"]
[Round "3"]
[White "XDPS"]
[Black "Andrei_Belozerov"]
[Result "1-0"]
[WhiteElo "2773"]
[BlackElo "2590"]
[TimeControl "180+1"]
[EndTime "10:29:45 PDT"]
[Termination "XDPS won by checkmate"]

1. d4 d5 2. Nf3 Nf6 3. Bf4 c5 4. e3 Nc6 5. Nbd2 e6 6. c3 Bd6 7. Bg3 O-O 8. Bb5 Be7 9. Bd3 b6 10. Qe2 Bb7 11. Rd1 Rc8 12. a3 Re8 13. O-O Bd6 14.
Ne5 Ne7 15. Bb5 Rf8 16. Nd7 Nxd7 17. Bxd6 Nf6 18. Be5 Ng6 19. Bg3 Qe7 20. Bd3 Ne4 21. Bxe4 dxe4 22. dxc5 Qxc5 23. Nb3 Qc6 24. Nd4 Qa4 25.
Rfe1 Ba6 26. Qg4 Bd3 27. h4 h6 28. h5 Ne7 29. Be5 f6 30. Nxe6 Rf7 31. Bxf6 Qd7 32. Bxg7 Nf5 33. Bd4+ Ng7 34. Bxg7 Rxg7 35. Qxg7+ Qxg7 36. Nxg7 Kxg7 37. f3 Kf6 38. fxe4 Bxe4 39. Rd6+ Kg5 40.
Re6 Bf5 41. Re7 Rd8 42. e4 Bg4 43. Rg7+ Kh4 44. e5 Rd2 45. Re4 Rd1+ 46. Kh2 Kxh5 47. Rexg4 b5 48. Rg3 Kh4 49. Rh3# 1-0

[Event "*** Titled Tuesday Blitz"]
[Site "Chess.com"]
[Date "2020.04.28"]
[Round "3"]
[White "platy3"]
[Black "Jeffinho023"]
[Result "0-1"]
[WhiteElo "2746"]
[BlackElo "2559"]
[TimeControl "180+1"]
[EndTime "10:29:45 PDT"]
[Termination "Jeffinho023 won on time"]

1. e4 e5 2. Nf3 Nf6 3. Nxe5 d6 4. Nf3 Nxe4 5. d4 d5 6. Bd3 Be7 7. O-O O-O 8. Nbd2 Nf6 9. Re1 c6 10. Nf1 Re8 11. Ng3 Bg4 12. h3 Bxf3 13. Qxf3 Nbd7 14. Bd2 Bf8 15. h4 Qb6 16. Nf5 Rxe1+ 17. Rxe1 Qxb2 18. Qg3 g6 19. Ne7+ Bxe7 20. Rxe7 Qxd4 21. h5 Nxh5 22. Qc7 Ndf6 23. Qxb7 Rd8 24. Qxa7 Qa1+ 25. Re1 Qb2 26. Bh6 Ng4 27. Bg5 Qc3 28. Qe7 Rf8 29. a4 Qd4 30.
Qe2 Qxa4 31. c4 Ngf6 32. Bh6 dxc4 33. Bxc4 Ng7 34. Qe7 Qxc4 35. Qxf6 Nh5 36. Qe5 Qd5 37. Bxf8 Qxe5 38. Rxe5 Kxf8 39. Rc5 Nf6 0-1

[Event "*** Titled Tuesday Blitz"]
[Site "Chess.com"]
[Date "2020.04.28"]
[Round "3"]
[White "SloLev"]
[Black "Gareth-Bale11"]
[Result "0-1"]
[WhiteElo "2528"]
[BlackElo "2756"]
[TimeControl "180+1"]
[EndTime "10:29:45 PDT"]
[Termination "Gareth-Bale11 won by resignation"]

1. e4 c5 2. c3 Qa5 3. Nf3 Nc6 4. Bc4 e6 5. O-O Nf6 6. e5 Nd5 7. d4 cxd4 8. cxd4 d6 9. Qe2 dxe5 10. dxe5 Be7 11.
Bd2 Qc7 12. Nc3 Nxc3 13. Bxc3 Bd7 14. Bd3 h6 15. Qe4 O-O-O 16. b4 Kb8 17. b5 Na5 18.
Bd4 Rc8 19. Rab1 Bc5 20. b6 axb6 21. Rfc1 Rhd8 22. Bxc5 bxc5 23. Qf4 Bc6 24. Bf1 Bd5 25. Qa4 Bc6 26. Qf4 c4 27. Nd4 g5 28. Qe3 Rd5 29.
Nxc6+ Qxc6 30. Qc3 Qc5 31. Rd1 Rcd8 32. Rxd5 Rxd5 33.
Re1 Nc6 34. h4 Rd4 35. hxg5 hxg5 36. Qg3 g4 37. Qh4 Ka7 38. Qg3 Rd2 39. Re3 Qd4 40.
Ra3+ Kb6 41. Kh2 Kc7 42. Qxg4 Qxg4 0-1

[Event "*** Titled Tuesday Blitz"]
[Site "Chess.com"]
[Date "2020.04.28"]
[Round "3"]
[White "lolo9292"]
[Black "GMKrikor"]
[Result "0-1"]
[WhiteElo "2466"]
[BlackElo "2718"]
[TimeControl "180+1"]
[EndTime "10:29:45 PDT"]
[Termination "GMKrikor won by resignation"]

1. d4 Nf6 2. c4 g6 3. f3 d5 4. cxd5 Nxd5 5. e4 Nb6 6. Nc3 Bg7 7. Be3 O-O 8. Qd2 e5 9. d5 c6 10. h4 h5 11. g4 cxd5 12. Bxb6 axb6 13. Nxd5 Nc6 14.
gxh5 Nd4 15. h6 Bh8 16. h5 Kh7 17. Bd3 Be6 18. Kf2 Nb3 19. axb3 Rxa1 20. Bc4 b5 21. Bxb5 Bxd5 22. Qxd5 Qb6+ 23. Kg2 gxh5 24. Bd7 Qf6 25. Bf5+ Kxh6 26. Nh3 Rg8+ 27. Kh2 Rxh1+ 28. Kxh1 Qh4 29. Qd2+ Kg7 30. Kh2 Qf6 31. Qd7 Kh6 32. Qd2+ Kg7 33.
b4 Rd8 34. Qg2+ Kf8 35. Qf2 Bg7 36. Qc5+ Qd6 37. Ng5 Qxc5 38. bxc5 Ke7 39. Kh3 Rd2 40. b4 Rb2 41. Kh4 Rxb4 42. Kxh5 Rb5 43. Bc8 Bf6 44. Kg4 Bxg5 45. Kxg5 Kd8 46. Bf5 Rxc5 47. Kf6 b5 48.
Kxf7 b4 49. Be6 Rc3 50. Kf6 Rxf3+ 51. Kxe5 b3 52. Kd4 b2 53. Ba2 Rf1 0-1

[Event "*** Titled Tuesday Blitz"]
[Site "Chess.com"]
[Date "2020.04.28"]
[Round "3"]
[White "StephenDedalus83"]
[Black "Hasangatin_Ramil"]
[Result "1-0"]
[WhiteElo "2792"]
[BlackElo "2452"]
[TimeControl "180+1"]
[EndTime "10:29:45 PDT"]
[Termination "StephenDedalus83 won on time"]

1. e4 c5 2. Nf3 Nf6 3. d4 Nxe4 4. Bd3 d5 5. O-O cxd4 6. Nxd4 e6 7. c4 Nf6 8. Nc3 Nc6 9. cxd5 exd5 10. Re1+ Be7 11. Nf5 Bxf5 12. Bxf5 O-O 13. Bf4 a6 14. a3 d4 15. Ne4 Nxe4 16. Bxe4 Bd6 17. Bd2 Re8 18. Qf3 Rc8 19. Rac1 Qf6 20. Qd3 g6 21. g3 Ne5 22.
Qb3 b5 23. Bd5 Rxc1 24. Rxc1 Ng4 25. Qf3 Qxf3 26. Bxf3 Ne5 27. Bd5 Nd3 28. Rc6 Rd8 29. Bg5 Rd7 30. Bh6 Rd8 31. Rxa6 Bf8 32. Bxf8 Kxf8 33.
Bc6 Nxb2 34. Bxb5 d3 35. Rb6 d2 36. Be2 d1=Q+ 37. Bxd1 Rxd1+ 38. Kg2 Nc4 39. Rb3 Nd6 40. a4 Ra1 41. Rb4 h5 42. h4 Nf5 43. Rf4 Ra2 44.
Kf1 Kg7 45. Ke1 Nh6 46. Kd1 Ng4 47. f3 Ne3+ 48. Kc1 Nd5 49. Rc4 Ra3 50. Kb2 Rxf3 51.
a5 Rf6 52. Rc5 Ne3 53. Kb3 Nf1 54. Rc3 Nd2+ 55. Kb4 Ne4 56. Ra3 Ra6 57. Kb5 Ra8 58.
a6 Nd6+ 59. Kc6 Nf5 60. a7 1-0

[Event "*** Titled Tuesday Blitz"]
[Site "Chess.com"]
[Date "2020.04.28"]
[Round "3"]
[White "Malysch"]
[Black "walkingcreep"]
[Result "0-1"]
[WhiteElo "2399"]
[BlackElo "2646"]
[TimeControl "180+1"]
[EndTime "10:29:45 PDT"]
[Termination "walkingcreep won by resignation"]

1. e4 c5 2. Nf3 e6 3. d4 cxd4 4. Nxd4 Nf6 5. Nc3 d6 6. Be3 a6 7. Be2 b5 8. Bf3 e5 9. Nb3 Bb7 10. O-O Nbd7 11. Qe2 Be7 12. Rfd1 O-O 13. a3 Rc8 14.
Nc1 Nb6 15. Nd3 Nc4 16. Bc1 Qb6 17. Nb4 Qc7 18. Ncd5 Nxd5 19. Nxd5 Bxd5 20. Rxd5 Nb6 21. Rd2 Rfd8 22. c3 Bg5 23. Rd3 Bxc1 24. Rxc1 Qc4 25.
Rcd1 Rc6 26. Qd2 h6 27. Re3 Qb3 28. Be2 d5 29. exd5 Rxd5 30. Rd3 Rcd6 31. Qc1 Rxd3 32. Rxd3 Rxd3 33. Bxd3 Na4 34. Qe3 Nxb2 35. Bf1 Qd5 36. Qa7 Qd6 37. Qa8+ Kh7 38. Qe4+ g6 39. h3 Kg7 40.
Be2 Na4 41. Bf3 Nc5 42. Qc2 Qe6 43. Be2 e4 44. Kh2 Qd6+ 45. Kg1 Qf4 46. Qb2 Qe5 47. c4 Qxb2 48. cxb5 Qxe2 0-1

[Event "*** Titled Tuesday Blitz"]
[Site "Chess.com"]
[Date "2020.04.28"]
[Round "3"]
[White "Korchmar_Vasiliy"]
[Black "otrov-11"]
[Result "1-0"]
[WhiteElo "2618"]
[BlackElo "2401"]
[TimeControl "180+1"]
[EndTime "10:29:46 PDT"]
[Termination "Korchmar_Vasiliy won by resignation"]

1. d4 Nf6 2. c4 e6 3. g3 d5 4. Bg2 b6 5. Nf3 Bb7 6. O-O dxc4 7. Qa4+ Nbd7 8. Qxc4 Be7 9. Nc3 O-O 10. Rd1 Ne4 11.
Bf4 Bd6 12. Ne5 Bxe5 13. Nxe4 Bxf4 14. gxf4 Bd5 15. Qc3 Rc8 16. e3 Qe7 17. Rac1 c5 18. Qa3 Bxe4 19. Bxe4 a5 20. Bg2 g6 21. Rc2 Rcd8 22. Rcd2 Rde8 23. Bc6 cxd4 24. Rxd4 Qxa3 25. bxa3 Nc5 26. Bxe8 Rxe8 27. Rd8 Kf8 28. Kg2 Ke7 29. Rxe8+ Kxe8 30. Rd6 Nd7 31. Rc6 Kd8 32. Kf3 Ke7 33. a4 Kd8 34. Kg4 Ke7 35. Kg5 h5 36. e4 Ke8 37. f5 exf5 38. exf5 gxf5 39. Kxh5 Ke7 40. Kg5 Ne5 41. Rxb6 Nf3+ 42. Kxf5 Nxh2 43. Rb7+ Kf8 1-0

[Event "*** Titled Tuesday Blitz"]
[Site "Chess.com"]
[Date "2020.04.28"]
[Round "3"]
[White "konradrutkowski"]
[Black "arminmusovic"]
[Result "0-1"]
[WhiteElo "2179"]
[BlackElo "2498"]
[TimeControl "180+1"]
[EndTime "10:29:46 PDT"]
[Termination "arminmusovic won on time"]

1. e4 c6 2. d4 d5 3. Nd2 dxe4 4. Nxe4 Nf6 5. Nxf6+ exf6 6. Bc4 Bd6 7. Qe2+ Be7 8. Be3 O-O 9. O-O-O Re8 10. Nh3 Nd7 11. Nf4 Nf8 12. h4 b5 13. Bd3 Qa5 14. Kb1 Bd6 15. Qf3 Bxf4 16. Bxf4 Be6 17. b3 Bd5 18.
Qg3 Kh8 19. h5 Ne6 20. Be3 h6 21. Rh4 Ng5 22. Rg4 Be6 23. Rxg5 fxg5 24. f4 gxf4 25. Bxf4 b4 26. Be5 f6 27. Qg6 Kg8 28. Bxf6 Qc7 29. Qh7+ Kf8 30. Qh8+ Bg8 31. Bc4 gxf6 32. Qxg8+ Ke7 33.
Qf7+ Kd8 34. Qxf6+ Kc8 35. d5 a6 36. d6 Qd7 37. Qxh6 Kb7 38. Qf4 Rf8 39. Qe5 Rae8 40. Qc5 Qg4 41. Qxb4+ Ka7 42. Qc5+ Kb7 0-1

[Event "*** Titled Tuesday Blitz"]
[Site "Chess.com"]
[Date "2020.04.28"]
[Round "3"]
[White "Semetey"]
[Black "oogee"]
[Result "1-0"]
[WhiteElo "2551"]
[BlackElo "2237"]
[TimeControl "180+1"]
[EndTime "10:29:46 PDT"]
[Termination "Semetey won by checkmate"]

1. e4 c5 2. Be2 Nc6 3. f4 Nf6 4.
d3 d5 5. e5 Nd7 6. Nf3 b5 7.
O-O Nb6 8. c3 h6 9. Be3 d4 10.
cxd4 cxd4 11. Bf2 Bf5 12. Nbd2 e6 13. a3 Be7 14. Rc1 Rc8 15. Nb3 O-O 16. Nbxd4 Nxd4 17. Nxd4 Bh7 18. Rxc8 Nxc8 19. Nxb5 Qa5 20. Nc3 Rd8 21.
d4 Nb6 22. Bf3 Bxa3 23. Qa1 Bb4 24. Qxa5 Bxa5 25. Ra1 Nc4 26. Be2 Bxc3 27. bxc3 Nd2 28. Rxa7 Rc8 29. c4 Be4 30. Ra4 Rb8 31. Be3 Rb1+ 32.
Kf2 Bc6 33. Bxd2 Bxa4 34. d5 exd5 35. cxd5 Rb2 36. Ke3 Rb3+ 37. Kd4 Rb2 38. Kc3 Rc2+ 39. Kd3 Rb2 40. Bf3 Bb5+ 41. Kc3 Ra2 42. f5 Ra3+ 43. Kb4 Rd3 44. Kxb5 Rxd2 45. Kc6 Kf8 46. d6 Ke8 47. Kc7 Rc2+ 48. Bc6+ Kf8 49. d7 Ke7 50. f6+ Kf8 51.
d8=Q# 1-0

[Event "*** Titled Tuesday Blitz"]
[Site "Chess.com"]
[Date "2020.04.28"]
[Round "3"]
[White "Zufi1811"]
[Black "Gabrielian_Artur"]
[Result "0-1"]
[WhiteElo "2473"]
[BlackElo "2724"]
[TimeControl "180+1"]
[EndTime "10:29:47 PDT"]
[Termination "Gabrielian_Artur won by resignation"]

1. e4 c5 2. Nf3 d6 3. d4 cxd4 4. Nxd4 Nf6 5. Nc3 Nc6 6. g3 e6 7. Bg2 Be7 8. O-O O-O 9. h3 a6 10. g4 Qc7 11. g5 Nd7 12. h4 b5 13. Nxc6 Qxc6 14. e5 d5 15. Nxd5 exd5 16. Bxd5 Qc7 17. Bxa8 Nxe5 18. Bg2 Ng4 19. Re1 Bc5 20. Be3 Bxe3 21.
fxe3 Qh2+ 22. Kf1 Qxh4 23. Re2 Be6 24. b3 Qxg5 25. Qd4 Rd8 26. Qf4 Qh4 27. Kg1 h5 28.
Be4 g6 29. Rf1 Qe7 30. Bf3 Kg7 31. e4 Qc5+ 32. Kg2 Ne5 33. Ref2 Rf8 34. Be2 f6 35. Bd3 Qd4 36. Kh1 g5 37. Rg1 Qd6 38. Qh2 Qe7 39. Qg3 Ng6 40. Rf3 h4 41. Rf2 hxg3 0-1

[Event "*** Titled Tuesday Blitz"]
[Site "Chess.com"]
[Date "2020.04.28"]
[Round "3"]
[White "FightingChess"]
[Black "PlayChessSimple"]
[Result "1-0"]
[WhiteElo "2375"]
[BlackElo "2515"]
[TimeControl "180+1"]
[EndTime "10:29:48 PDT"]
[Termination "FightingChess won on time"]

1. e4 e6 2. d4 d5 3. Nd2 Nf6 4. e5 Nfd7 5. Bd3 c5 6. c3 Nc6 7. Ne2 cxd4 8. cxd4 Nb6 9. O-O Bd7 10.
f4 g6 11. Nf3 h5 12. Be3 Nb4 13.
Bb1 a5 14. a3 Nc6 15. b3 a4 16. Bd3 axb3 17. Qxb3 Na5 18. Qb2 Nbc4 19. Bxc4 Nxc4 20. Qc3 Qa5 21. Bd2 Qxc3 22. Bxc3 Rxa3 23. Rfb1 b5 24. Nd2 Rxc3 25. Ra8+ Ke7 26. Nxc3 Nxd2 27. Rb2 Nc4 28. Rb4 Bg7 29. Rxh8 Bxh8 30. Nxb5 f6 31. Na7 g5 32.
Rb7 Na5 33. Rb8 Bg7 34. Rg8 Kf7 35. Rd8 Ke7 36. Rg8 Kf7 37. Rd8 Be8 38. Nc8 Nb7 39.
Nd6+ Nxd6 40. exd6 Bb5 41. d7 Kg6 42. g3 gxf4 43. gxf4 f5 44. Kg2 Bc6 45. Kf3 Bb5 46. Ke3 h4 47. h3 Kh7 48. Kd2 Kg6 49.
Kc3 1-0

[Event "*** Titled Tuesday Blitz"]
[Site "Chess.com"]
[Date "2020.04.28"]
[Round "3"]
[White "Shuvalov"]
[Black "Kaua18"]
[Result "1-0"]
[WhiteElo "2469"]
[BlackElo "2248"]
[TimeControl "180+1"]
[EndTime "10:29:48 PDT"]
[Termination "Shuvalov won by resignation"]

1. Nf3 c5 2. c4 Nc6 3. d4 cxd4 4.
Nxd4 g6 5. e4 Bg7 6. Be3 d6 7. Nc3 Nf6 8. Be2 O-O 9. O-O Bd7 10.
f3 Nxd4 11. Bxd4 Bc6 12. Qd2 Nd7 13. Be3 a6 14. Rab1 a5 15. b3 Nc5 16. Rfc1 Na6 17. a3 Rc8 18. b4 axb4 19. axb4 Bd7 20. Nd5 Be6 21. Nb6 Rc6 22. Nd5 Rc8 23. Kh1 Nc7 24.
Nb6 Rb8 25. Rd1 Na8 26. Nd5 f5 27. Bg5 Rf7 28. c5 fxe4 29. fxe4 Be5 30. Bc4 Qd7 31.
Rf1 Bxd5 32. Bxd5 e6 33. Bb3 dxc5 34. Qxd7 Rxd7 35. Bxe6+ Kg7 36. Bxd7 c4 37. Be6 b5 38.
Rf7+ Kh8 39. Rbf1 Nc7 40. Bd7 c3 41. Bh6 Rg8 42. Rf8 Bd6 43. Rxg8+ Kxg8 44. e5 Bxb4 45. e6 c2 46. Rc1 Bd6 47. Rxc2 b4 48. Ra2 b3 49.
Rb2 g5 50. Rxb3 Nd5 51. Rd3 g4 52. Rxd5 Be7 53. Ra5 1-0

[Event "*** Titled Tuesday Blitz"]
[Site "Chess.com"]
[Date "2020.04.28"]
[Round "3"]
[White "WIDBIFS"]
[Black "jguerramzllo"]
[Result "1-0"]
[WhiteElo "2841"]
[BlackElo "2618"]
[TimeControl "180+1"]
[EndTime "10:29:49 PDT"]
[Termination "WIDBIFS won by resignation"]

1. d4 d5 2. Nf3 Nf6 3. Bf4 e6 4. e3 Bd6 5. Bg3 O-O 6. Nbd2 c5 7. c3 Qc7 8. Bd3 Nc6 9. Qc2 e5 10. dxe5 Nxe5 11. Nxe5 Bxe5 12. Bh4 h6 13. Nf3 b6 14.
O-O Bb7 15. Nxe5 Qxe5 16. Bg3 Qe6 17. Rad1 Rfd8 18. Bf5 Qe7 19. Rfe1 Ne4 20. c4 Nxg3 21. hxg3 dxc4 22. Qxc4 Rxd1 23. Rxd1 Rd8 24. Qc2 Rd6 25. Rxd6 Qxd6 26. Qd3 Qxd3 27. Bxd3 Bd5 28. a3 c4 29. Bc2 b5 30. e4 Bc6 31. f3 a5 32. Kf2 b4 33.
axb4 axb4 34. Ke3 Bb5 35. Kd4 Ba6 36. Bd1 c3 37. b3 Bf1 38. Bc2 Bxg2 39. f4 f6 40. Kc5 g5 41. e5 h5 42. fxg5 fxg5 43.
Kd6 h4 44. gxh4 gxh4 45. e6 h3 46. e7 Bc6 47. Kxc6 Kf7 48. Kd7 h2 49. e8=Q+ Kf6 50. Qg6+ Ke5 51. Qh5+ 1-0

[Event "*** Titled Tuesday Blitz"]
[Site "Chess.com"]
[Date "2020.04.28"]
[Round "3"]
[White "annamaja"]
[Black "turayev_shahruh17"]
[Result "0-1"]
[WhiteElo "2222"]
[BlackElo "2506"]
[TimeControl "180+1"]
[EndTime "10:29:49 PDT"]
[Termination "turayev_shahruh17 won on time"]

1. e4 e6 2. d4 d5 3. exd5 exd5 4.
c4 Nf6 5. Nc3 Bb4 6. Bd3 dxc4 7.
Bxc4 O-O 8. Ne2 Nc6 9. Bg5 h6 10. Bh4 Be7 11. O-O Bg4 12. f3 Bf5 13. Bf2 a6 14.
Ng3 Bg6 15. Re1 b5 16. Bb3 Nb4 17. Nce4 Nbd5 18. Rc1 Nf4 19. Nxf6+ Bxf6 20. Ne4 Be7 21. Bg3 Bg5 22. Nxg5 hxg5 23. Bxf4 gxf4 24. Qd2 Qd6 25. Re5 Rad8 26. Rd5 Qb6 27. Qxf4 Rxd5 28. Bxd5 Rd8 29.
Qe5 Qa5 30. h3 Qd2 31. Rxc7 Qxb2 32. Kh2 b4 33. Qg5 Rxd5 34. Qxd5 Qd2 35. Rc8+ Kh7 36. Qd6 a5 37. Qg3 Bf5 0-1